Map: 赛博森林-天梯版

Players

Sioras

  • Race: Zerg Zerg

Has - Winner!

  • Race: Protoss Protoss

Event: WESG 2018 Grand Finals

VOD

Have the link to the VOD?

Description

Time

  • Played on: March 11, 2019, 6:51 a.m.
  • Length: 9:40

All games in this series

Show
View Real Time Build Order
Export as new Build Order

Sioras Zerg 

Build Orders: Hatch First 

Get SALT Encoding   

  12  0:00  Drone  
  13  0:08  Drone  
  14  0:14  Extractor  
  14  0:15  Drone  
  15  0:21  Overlord  
  15  0:45  Hatchery  
  15  0:48  Drone  
  15  0:51  Drone  
  15  0:55  Drone  
  17  1:09  Spawning Pool  
  16  1:12  Drone  
  16  1:14  Extractor  
  16  1:16  Drone  
  17  1:21  Drone  
  18  1:32  Drone  
  19  1:42  Drone  
  20  1:52  Overlord  
  20  1:57  Queen x2  
  20  1:58  Drone  
  25  2:03  Zergling x2  
  25  2:08  Zergling x2  
  28  2:15  Drone  
  28  2:19  Drone  
  29  2:25  Drone  
  30  2:31  Drone  
  30  2:32  Hatchery  
  30  2:37  Metabolic Boost  
  30  2:41  Drone x2  
  32  2:48  Drone  
  33  2:52  Overlord  
  33  3:00  Drone  
  34  3:08  Queen  
  34  3:10  Drone x3  
  34  3:11  Zergling x2  
  41  3:12  Drone  
  41  3:17  Overlord  
  41  3:26  Drone  
  42  3:27  Drone  
  42  3:31  Spore Crawler x2  
  41  3:34  Drone  
  41  3:39  Drone  
  43  3:41  Drone x2  
  43  3:42  Drone  
  43  3:43  Baneling Nest  
  43  3:46  Queen  
  43  3:47  Extractor  
  46  3:49  Drone x2  
  46  3:54  Drone  
  49  3:57  Overlord  
  49  4:00  Drone x2  
  51  4:09  Overlord, Spore Crawler  
  50  4:12  Drone x2  
  50  4:14  Zergling x4  
  54  4:18  Zergling x2  
  54  4:19  Zergling x6  
  58  4:24  Queen  
  58  4:25  Overlord  
  58  4:29  Queen  
  62  4:34  Lair  
  62  4:41  Zergling x8  
  62  4:44  Overlord  
  65  4:54  Overlord  
  65  4:55  Drone x2  
  65  4:56  Drone x3  
  69  5:02  Roach Warren  
  68  5:10  Drone x3  
  68  5:11  Drone x2, Extractor  
  72  5:15  Zergling x6  
  72  5:20  Extractor  
  72  5:21  Drone  
  75  5:27  Overlord  
  75  5:28  Drone  
  76  5:33  Drone x2  
  74  5:36  Drone x8  
  74  5:39  Overlord  
  74  5:42  Hydralisk Den  
  81  5:44  Evolution Chamber  
  81  5:47  Centrifical Hooks  
  81  5:49  Overseer  
  80  5:53  Drone x2  
  82  5:57  Zergling x6  
  85  6:11  Grooved Spines, Zerg Melee Weapons Level 1  
  85  6:12  Hydralisk x5  
  85  6:16  Overlord  
  95  6:18  Hydralisk  
  95  6:19  Hydralisk  
  99  6:30  Overlord  
  97  6:33  Hydralisk x3  
  102  6:42  Zergling x2  
  102  6:43  Zergling x18  
  109  6:49  Hydralisk x2  
  103  6:56  Hydralisk x2  
  103  6:58  Queen  
  103  6:59  Queen  
  109  7:02  Extractor  
  109  7:03  Hydralisk  
  109  7:04  Hydralisk x2, Extractor  
  109  7:05  Zergling x2  
  114  7:08  Overseer  
  114  7:11  Hydralisk  
  114  7:12  Zergling x8  
  120  7:17  Drone  
  121  7:23  Overlord, Drone  
  121  7:27  Overlord  
  122  7:30  Overlord  
  122  7:36  Baneling x7  
  122  7:46  Hydralisk x4  
  122  7:47  Zergling x2  
  122  7:49  Hydralisk  
  128  7:51  Zergling x4  
  128  7:52  Zergling x4  
  128  7:57  Hydralisk  
  128  7:58  Zergling x2  
  133  8:03  Hydralisk  
  134  8:09  Baneling x4  
  126  8:19  Overlord x5  
  124  8:27  Muscular Augments  
  116  8:40  Zergling x2  
  116  8:41  Zergling x8  
  121  8:45  Zergling x6, Hatchery  
  123  8:49  Hatchery  
  123  8:53  Hydralisk  
  123  8:54  Zergling x4  
  126  8:56  Baneling x7  
  126  9:00  Zergling x2  
  127  9:08  Zergling x4  
  128  9:18  Zergling x4  
Show
View Real Time Build Order
Export as new Build Order

Has Protoss - Winner!

Build Orders: 1 Gate Expand, Zealot Archon, Archon Drop, Dark Templar Rush 

Get SALT Encoding   

  12  0:00  Probe  
  13  0:12  Probe  
  14  0:17  Pylon  
  14  0:25  Probe  
  15  0:33  Probe  
  15  0:35  Gateway  
  15  0:41  Probe  
  16  0:46  Assimilator  
  17  0:50  Probe  
  18  0:58  Probe  
  19  1:06  Probe  
  20  1:17  Probe  
  20  1:22  Cybernetics Core  
  21  1:35  Nexus  
  21  1:43  Pylon  
  21  1:44  Probe  
  22  1:50  Assimilator  
  22  1:56  Stalker  
  22  2:00  Warp Gate  
  24  2:04  Probe  
  25  2:16  Probe  
  25  2:20  Adept  
  26  2:28  Probe  
  29  2:32  Twilight Council  
  29  2:40  Probe  
  30  2:45  Gateway  
  30  2:47  Probe  
  31  2:55  Gateway  
  31  2:56  Probe  
  33  3:07  Probe  
  33  3:09  Sentry, Probe  
  36  3:13  Dark Shrine  
  36  3:15  Probe  
  36  3:18  Probe  
  37  3:23  Probe  
  37  3:24  Pylon  
  37  3:26  Probe  
  38  3:32  Pylon  
  40  3:34  Probe  
  40  3:38  Probe  
  42  3:46  Probe  
  42  3:47  Probe  
  43  3:55  Probe  
  44  3:56  Assimilator  
  44  3:57  Assimilator  
  44  3:58  Probe  
  46  4:04  Probe  
  47  4:10  Probe  
  47  4:14  Pylon  
  47  4:16  Probe  
  49  4:23  Probe  
  49  4:24  Robotics Facility  
  50  4:27  Dark Templar x2  
  50  4:29  Probe  
  55  4:34  Pylon  
  55  4:35  Probe  
  56  4:41  Probe  
  56  4:42  Gateway  
  56  4:43  Gateway  
  57  4:47  Probe  
  56  4:58  Probe  
  57  5:00  Warp Prism  
  57  5:01  Dark Templar x2  
  61  5:09  Forge  
  63  5:17  Nexus  
  63  5:18  Pylon  
  63  5:22  Archon  
  63  5:28  Immortal  
  63  5:29  Protoss Ground Weapons Level 1  
  63  5:32  Probe x2  
  64  5:36  Gateway  
  64  5:39  Sentry  
  64  5:40  Gateway x2  
  70  5:51  Nexus  
  70  5:52  Archon  
  70  5:54  Charge  
  70  5:56  Pylon  
  70  6:00  Shield Battery  
  70  6:03  Zealot x2  
  74  6:09  Sentry x2  
  78  6:12  Pylon, Observer  
  78  6:22  Probe  
  80  6:30  Probe  
  81  6:35  Probe  
  81  6:37  Zealot x6  
  94  6:40  Immortal  
  86  7:01  Dark Templar x4  
  94  7:10  Archon  
  94  7:11  Archon  
  94  7:12  Zealot x2, Dark Templar x2  
  102  7:17  Archon  
  102  7:25  Pylon  
  105  7:34  Dark Templar x2  
  105  7:35  Zealot  
  108  7:38  Pylon  
  108  7:39  Archon  
  108  7:40  Pylon  
  108  7:50  Zealot x3  
  108  7:51  Zealot  
  116  8:06  Sentry x2  
  116  8:07  Zealot x2  
  116  8:22  Probe x2  
  116  8:23  Pylon x2, Probe  
  119  8:31  Immortal  
  119  8:33  Zealot x7  
  132  8:36  Pylon  
  132  8:37  Probe  
  132  8:41  Pylon, Probe  
  138  8:55  Dark Templar  
  138  8:56  Dark Templar x2  
  138  8:58  Dark Templar  
  138  9:01  Archon  
  138  9:02  Zealot, Archon  
  148  9:03  Zealot  
  122  9:24  Zealot  
  122  9:25  Zealot x3  
  122  9:28  Zealot  
  122  9:29  Zealot  
Tags
 
Add a new tag
Caveats
  • Supply blocks, unpowered buildings, or Contaminate may cause inaccurate times.
  • Supply counts are checked every 10 seconds.